 Dungeon Crawl Stone Soup version 0.23.0 (webtiles) character file.

Game seed: 18174652521132578546

83 Infinimo the Cudgeler (level 4, -2/28 HPs)
             Began as a Gargoyle Gladiator on Feb 16, 2019.
             Slain by Robin
             ... wielding a +0 mace
              (5 damage)
             ... on level 2 of the Dungeon.
             The game lasted 00:02:26 (1378 turns).

Infinimo the Cudgeler (Gargoyle Gladiator)          Turns: 1378, Time: 00:02:26

Health: -2/28      AC:  7    Str: 18    XL:     4   Next: 44%
Magic:  4/4        EV: 12    Int:  9    God:
Gold:   40         SH:  0    Dex: 11    Spells: 3/3 levels left

rFire    . . .     SeeInvis .   a - +0 flail
rCold    + . .     Gourm    .   (no shield)
rNeg     + . .     Faith    .   b - +0 leather armour
rPois    ∞         Spirit   .   c - +0 helmet
rElec    +         Reflect  .   (no cloak)
rCorr    .         Harm     .   (no gloves)
MR       .....                  (no boots)
Stlth    +.........             (no amulet)
HPRegen  0.09/turn              j - ring of protection from cold
MPRegen  0.09/turn              (no ring)

@: no status effects
A: negative energy resistance 1, electricity resistance, unbreathing,
petrification resistance, rot immunity, AC +3
a: no special abilities


You were on level 2 of the Dungeon.
You were not hungry.

You visited 1 branch of the dungeon, and saw 2 of its levels.

You collected 40 gold pieces.

Inventory:

Hand Weapons
 a - a +0 flail (weapon)
Missiles
 d - 3 throwing nets (quivered)
Armour
 b - a +0 leather armour (worn)
 c - a +0 helmet (worn)
Jewellery
 j - a ring of protection from cold (left hand)
Scrolls
 h - a scroll of identify
Potions
 e - a potion of invisibility
Comestibles
 f - a ration
 g - 3 chunks of flesh


   Skills:
 + Level 3.1 Fighting
 * Level 4.2 Maces & Flails
 - Level 1.7 Throwing
 + Level 1.8 Armour
 - Level 2.4 Dodging


You had 3 spell levels left.
You didn't know any spells.
Your spell library was empty.

Dungeon Overview and Level Annotations

Branches:
Dungeon (2/15)

Altars:

Annotations:
D:2 Jessica, Robin


Innate Abilities, Weirdness & Mutations

You are resistant to torment.
Your stone body is resilient. (AC +3)
You are immune to poison.
You resist negative energy. (rN+)
You are resistant to electric shocks. (rElec)
You can survive without breathing.
You are immune to petrification.
You are immune to rotting.


Message History

The goblins go into a battle-frenzy!
The hobgoblin hits you. The goblin hits you with a +0 club.
The hobgoblin hits you.
You sock the goblin!
You kill the goblin!
Robin throws the goblin at you!
The goblin is moderately wounded.
The hobgoblin hits you.
The goblin hits you with a +2 dagger of speed!
* * * LOW HITPOINT WARNING * * *
Okay, then.
Unknown command.
You sock the goblin!
You kill the goblin!
Robin hits you with a +0 mace.
* * * LOW HITPOINT WARNING * * *
The goblin hits you with a +0 dagger.
* * * LOW HITPOINT WARNING * * *
Robin hits you with a +0 mace.
You die...

#..# #..## ##..## #####.%##
#.......## ##........####
#####............<
.###########gg...............
..........†g@g...÷...........
############gg.<...)÷...###..
#####)............
#.........###. #.............
.......###.....#. #≈≈....#
###..#. #≈≈##≈..# #.... ≈≈#
≈#..# ##..


You could see Robin, a hobgoblin and 4 goblins.

Vanquished Creatures
  An adder (D:2)
  2 worms (D:2)
  4 dart slugs
  6 bats
  2 giant cockroaches (D:2)
  11 goblins
  2 hobgoblins
  11 jackals
  6 kobolds
  2 frilled lizards (D:1)
  6 rats (D:1)
53 creatures vanquished.

Vanquished Creatures (others)
  A rat (D:2)
1 creature vanquished.

Grand Total: 54 creatures vanquished

Notes
Turn   | Place    | Note
-------+----------+-------------------------------------------
     0 | D:1      | Infinimo the Gargoyle Gladiator began the quest for the
                  | Orb.
     0 | D:1      | Reached XP level 1. HP: 12/12 MP: 1/1
    73 | D:1      | Reached XP level 2. HP: 13/18 MP: 2/2
   104 | D:1      | Reached skill level 1 in Armour
   288 | D:1      | Reached XP level 3. HP: 14/22 MP: 3/3
   950 | D:2      | Found a faded altar of an unknown god.
   950 | D:2      | Noticed Robin
   950 | D:2      | Noticed Jessica
  1199 | D:2      | Reached skill level 4 in Maces & Flails
  1202 | D:2      | Reached XP level 4. HP: 28/28 MP: 4/4
  1378 | D:2      | Slain by Robin

Skill      XL: |  1  2  3 |
---------------+----------+-----
Armour         | 1 |  1.8
Maces & Flails | 4 |  4.2
Fighting       | 3 |  3.1
Throwing       | |  1.7
Dodging        | |  2.4

Action                   |  1- 3 |  4- 6 || total
-------------------------+-------+-------++-------
Melee: Flail             |   123 |    40 ||   163
  Use: Scroll            |       |     3 ||     3
  Eat: Chunk             |     1 |     1 ||     2
Armor: Leather armour    |    96 |    26 ||   122
Dodge: Dodged            |   157 |    52 ||   209
